[Event "Titled Tuesday Blitz January 31 Late 2023"]
[White "Martinez Ramirez, Lennis"]
[Black "Carbone, Diego"]
[WhiteFideId "3509079"]
[BlackFideId "3002179"]
[WhiteElo "2426"]
[BlackElo "2336"]
[Result "0-1"]
[Round "07"]
[TimeControl "180+2"]
[Date "2023.01.31"]
[WhiteClock "0:00:14"]
[BlackClock "0:00:13"]

1. d4 Nf6 2. c4 g6 3. Nf3 Bg7 4. Nc3 d5 5. cxd5 Nxd5 6. Qb3 Nb6 7. e4 O-O 8. Be3 Bg4 9. Rd1 Nc6 10. d5 Ne5 11. Be2 Nxf3+ 12. gxf3 Bh5 13. a4 Qc8 14. a5 Nd7 15. f4 Bxe2 16. Nxe2 c5 17. e5 b6 18. axb6 axb6 19. h4 Qa6 20. Nc3 h5 21. Rg1 Qa5 22. Kf1 Qb4 23. Qc2 Ra6 24. Rg3 b5 25. e6 Qc4+ 26. Kg1 b4 27. Qe4 Qb3 28. exd7 bxc3 29. Rb1 cxb2 30. Qxe7 Ra1 31. d8=Q Rxb1+ 32. Kh2 Rh1+ 33. Kxh1 b1=Q+ 34. Kh2 Rxd8 35. Qxd8+ Kh7 36. Qd7 Q3d1 37. Rg2 Qh1+ 38. Kg3 Qe4 39. d6 Qexg2# 0-1


[Site "https://www.chess.com"]

[Event "Titled Tuesday Blitz January 31 Late 2023"]
[White "Novikov, Evgenij"]
[Black "Oro, Faustino"]
[WhiteFideId "4125380"]
[BlackFideId "20000197"]
[WhiteElo "2276"]
[BlackElo "2269"]
[Result "0-1"]
[Round "07"]
[TimeControl "180+2"]
[Date "2023.01.31"]
[WhiteClock "0:00:01"]
[BlackClock "0:02:02"]

1. e4 e5 2. Nf3 Nc6 3. d4 exd4 4. Nxd4 Bc5 5. Nxc6 Qf6 6. Qf3 Qxf3 7. gxf3 dxc6 8. Rg1 g6 9. Bd2 Ne7 10. Bc3 Rg8 11. Nd2 Be6 12. Bc4 Bxc4 13. Nxc4 O-O-O 14. Ke2 f5 15. Rad1 Rde8 16. b4 Nd5 17. Rxd5 cxd5 18. bxc5 dxc4 19. e5 Rd8 20. Ke3 g5 21. Bd4 b6 22. cxb6 axb6 23. c3 Kb7 24. Rb1 Kc6 25. Rb4 Kd5 26. Rb5+ c5 27. Ke2 Kc6 0-1


[Site "https://www.chess.com"]

[Event "Titled Tuesday Blitz January 31 Late 2023"]
[White "Matko, Ognjen"]
[Black "Chor, Kevin"]
[WhiteFideId "14509717"]
[BlackFideId "2090740"]
[WhiteElo "2295"]
[BlackElo "1944"]
[Result "0-1"]
[Round "07"]
[TimeControl "180+2"]
[Date "2023.01.31"]
[WhiteClock "0:00:02"]
[BlackClock "0:00:03"]

1. Nf3 c5 2. c4 g6 3. Nc3 Bg7 4. g3 Nc6 5. Bg2 Nf6 6. O-O O-O 7. d4 d6 8. h3 Bd7 9. b3 a6 10. Bb2 Rb8 11. dxc5 dxc5 12. Na4 b6 13. Ne5 Qc7 14. Nxd7 Nxd7 15. Bxg7 Kxg7 16. Qd2 b5 17. Nb2 Nf6 18. Rfd1 Rfd8 19. Qc3 Nd4 20. Kf1 e5 21. e3 Nf5 22. Nd3 bxc4 23. Nxe5 cxb3 24. axb3 Rxd1+ 25. Rxd1 Rd8 26. Ra1 Kg8 27. Rxa6 Nd6 28. Nc6 Nde4 29. Qa1 Rd6 30. Bxe4 Kg7 31. Bg2 Qb7 32. Kg1 Qxb3 33. Kh2 Rd1 34. Qe5 Rb1 35. h4 Qd1 0-1


[Site "https://www.chess.com"]

[Event "Titled Tuesday Blitz January 31 Late 2023"]
[White "Koellner, Ruben Gideon"]
[Black "Papayan, Oleg"]
[WhiteFideId "12993093"]
[BlackFideId "4193911"]
[WhiteElo "2426"]
[BlackElo "2253"]
[Result "1-0"]
[Round "07"]
[TimeControl "180+2"]
[Date "2023.01.31"]
[WhiteClock "0:01:03"]
[BlackClock "0:00:08"]

1. d4 Nf6 2. Nf3 d5 3. e3 c5 4. Nbd2 Nc6 5. c3 h6 6. dxc5 e5 7. b4 e4 8. Nd4 Ne5 9. Bb2 Be7 10. c4 Bg4 11. Qa4+ Bd7 12. Qb3 dxc4 13. Nxc4 Nd3+ 14. Bxd3 exd3 15. Qxd3 O-O 16. O-O Nd5 17. a3 Bf6 18. Rfd1 Ba4 19. Rd2 Qc7 20. Nd6 a6 21. N4f5 Bc6 22. Bxf6 Nxf6 23. Qd4 Qd8 24. Rad1 g6 25. Nxh6+ Kh7 26. Nhxf7 Qe7 27. Qh4+ Kg7 28. Qh6+ Kg8 29. Qh8# 1-0


[Site "https://www.chess.com"]

[Event "Titled Tuesday Blitz January 31 Late 2023"]
[White "Golubka, Petro"]
[Black "Kochetov, Andrey"]
[WhiteFideId "14114224"]
[BlackFideId "24130532"]
[WhiteElo "2371"]
[BlackElo "2165"]
[Result "1-0"]
[Round "07"]
[TimeControl "180+2"]
[Date "2023.01.31"]
[WhiteClock "0:01:00"]
[BlackClock "0:01:21"]

1. e4 e5 2. Bc4 Nf6 3. d3 c6 4. Bb3 d5 5. Nf3 Bd6 6. exd5 cxd5 7. O-O O-O 8. Bg5 d4 9. c3 dxc3 10. Nxc3 h6 11. Bxf6 Qxf6 12. Ne4 Qe7 13. d4 Bf5 14. Nxd6 Qxd6 15. dxe5 Qb6 16. Qd4 Nc6 17. Qxb6 axb6 18. Rfe1 Rfe8 19. Rac1 Rad8 20. h3 Be6 21. Rc3 Nb4 22. Bxe6 Rxe6 23. a3 Na6 24. b4 Nb8 25. Rc7 Rd7 26. Rc8+ Rd8 27. Rxd8+ 1-0


[Site "https://www.chess.com"]

[Event "Titled Tuesday Blitz January 31 Late 2023"]
[White "Grycel, Kamil"]
[Black "Rosen, Eric"]
[WhiteFideId "1115499"]
[BlackFideId "2032562"]
[WhiteElo "2315"]
[BlackElo "2349"]
[Result "1-0"]
[Round "07"]
[TimeControl "180+2"]
[Date "2023.01.31"]
[WhiteClock "0:00:16"]
[BlackClock "0:00:02"]

1. d4 d5 2. c4 e6 3. Nc3 Nf6 4. cxd5 exd5 5. Bg5 c6 6. e3 h6 7. Bh4 Bd6 8. Bd3 O-O 9. Qc2 Re8 10. Nge2 a5 11. Bg3 Na6 12. a3 Nc7 13. O-O Ne6 14. Na4 Bxg3 15. Nxg3 h5 16. h3 g6 17. Ne2 Ng7 18. b4 Bf5 19. Nc5 Qe7 20. Rfc1 axb4 21. axb4 Bxd3 22. Nxd3 Nf5 23. Ne5 Nd6 24. Nf4 Nfe4 25. Nfd3 h4 26. Nf3 Qf6 27. Nde5 Nc4 28. Nd7 Qf5 29. Nc5 Rxa1 30. Rxa1 b6 31. Nxe4 Rxe4 32. Nd2 Nxd2 33. Qxd2 Re6 34. Ra7 Qb1+ 35. Kh2 Rf6 36. Ra2 Kg7 37. Rb2 Qf1 38. Qe2 Qa1 39. Ra2 Qc3 40. Rb2 b5 41. Rd2 Qxb4 42. Rb2 Qd6+ 43. Kg1 Qe7 44. Qc2 Re6 45. Rb3 Qf6 46. Rb1 Qf5 47. Rc1 Qxc2 48. Rxc2 Kf6 49. Kf1 Ke7 50. Ke2 Kd6 51. Kf3 Kc7 52. Kg4 Re4+ 53. Kg5 Kd7 54. Kf6 Re6+ 55. Kxf7 Rd6 56. Ra2 b4 57. Ra7+ Kc8 58. Ke7 1-0


[Site "https://www.chess.com"]

[Event "Titled Tuesday Blitz January 31 Late 2023"]
[White "Donskov, Anatoly"]
[Black "EREBUNI91"]
[WhiteFideId "24143413"]
[WhiteElo "2279"]
[BlackElo "2685"]
[Result "0-1"]
[Round "07"]
[TimeControl "180+2"]
[Date "2023.01.31"]
[WhiteClock "0:00:01"]
[BlackClock "0:00:05"]

1. e4 c5 2. Nf3 d6 3. d4 cxd4 4. Nxd4 Nf6 5. Nc3 a6 6. f4 e5 7. Nf3 Nbd7 8. a4 Qc7 9. Bd3 Be7 10. O-O O-O 11. Kh1 Nc5 12. Qe2 Bd7 13. fxe5 dxe5 14. Bg5 Bc6 15. Nh4 Ne6 16. Bd2 g6 17. Nf3 Rad8 18. Qf2 Nh5 19. Bh6 Rfe8 20. Nd2 Bc5 21. Be3 Bxe3 22. Qxe3 Nhf4 23. Rad1 Nxd3 24. cxd3 Nf4 25. Nc4 f6 26. b3 b5 27. axb5 axb5 28. Nb2 Rd7 29. Ne2 Nxe2 30. Qxe2 Kg7 31. Rc1 Qb6 32. Qf3 Bb7 33. Qg3 Red8 34. Qh4 Rxd3 35. Nxd3 Rxd3 36. Qg4 Rd4 37. Rfe1 h5 38. Qf3 Qd6 39. h3 f5 40. Qe2 Bxe4 41. Qxb5 Rd2 42. Re2 Rd5 43. Qc4 Bd3 44. Qc7+ Kh6 45. Qxd6 Rxd6 46. Rd2 e4 47. b4 Rb6 48. Rb2 f4 49. g3 Kg5 50. gxf4+ Kxf4 51. Kg2 Ke3 52. Re1+ Kd4 53. b5 Rxb5 54. Rxb5 Bxb5 55. Kf2 Bd3 56. h4 Ke5 57. Ke3 Kf5 58. Rg1 Kf6 59. Rg5 Bc2 60. Rc5 Bd3 61. Ra5 Kf7 62. Ra3 Kf6 63. Ra5 Kg7 64. Rc5 Kh6 65. Kf4 Kg7 66. Rc7+ Kf6 67. Rc6+ Kf7 68. Rb6 Kg7 69. Re6 Kf7 70. Re5 Kf6 71. Re8 Kf7 72. Rd8 Ke7 73. Rb8 Kf7 74. Rb7+ Kf6 75. Rb6+ Kf7 76. Rb4 Kf6 77. Rd4 Kf7 78. Kg5 Ke6 79. Rb4 e3 80. Rb3 e2 81. Rb6+ Kd7 82. Rb7+ Kd8 83. Rb8+ Ke7 0-1


[Site "https://www.chess.com"]

[Event "Titled Tuesday Blitz January 31 Late 2023"]
[White "Cori T., Deysi"]
[Black "Przybylski, Wojciech"]
[WhiteFideId "3801934"]
[BlackFideId "1117599"]
[WhiteElo "2362"]
[BlackElo "2321"]
[Result "1-0"]
[Round "07"]
[TimeControl "180+2"]
[Date "2023.01.31"]
[WhiteClock "0:00:24"]
[BlackClock "0:00:01"]

1. b3 e5 2. Bb2 Nc6 3. e3 Nf6 4. Bb5 Bd6 5. Ne2 O-O 6. Na3 Na5 7. Nc4 Nxc4 8. Bxc4 c6 9. d4 Qe7 10. O-O e4 11. a4 Re8 12. Ng3 Bc7 13. d5 d6 14. Qd2 c5 15. b4 b6 16. a5 bxa5 17. bxa5 Rb8 18. Rab1 Ng4 19. Qc3 f6 20. Be2 Rb4 21. Ba3 Rxb1 22. Rxb1 f5 23. Bb2 Nf6 24. Nh5 Rf8 25. Ba1 Qd8 26. Nxf6+ Qxf6 27. Qxf6 gxf6 28. Bc3 Kf7 29. Bb5 Ke7 30. Bc6 Ba6 31. h4 Rb8 32. Rxb8 Bxb8 33. Kh2 Be2 34. Kg3 Bd1 35. Kf4 Bg4 36. f3 exf3 37. gxf3 Bh3 38. h5 Bc7 39. Bb7 Bd8 40. Bc8 Bf1 41. Bxf5 h6 42. Bd3 Bg2 43. Be4 Bh3 44. Bf5 Bf1 45. Bd3 Bh3 46. e4 Bd7 47. Ba6 Be8 48. Kg4 Bd7+ 49. Kg3 Be8 50. Kh4 Kf7 51. Kg4 Bd7+ 52. Kf4 Be8 53. Bc8 Ke7 54. Bg4 Ba4 55. Kf5 Kf7 56. Bd2 Bxc2 57. Bxh6 c4 58. Bd2 Bd3 59. h6 Be7 60. Bh5+ Kg8 61. Ke6 Bf8 62. Bg6 c3 63. h7+ Kg7 64. Bxc3 1-0


[Site "https://www.chess.com"]

[Event "Titled Tuesday Blitz January 31 Late 2023"]
[White "Gasparyan, David"]
[Black "Lymar, Vladislav"]
[WhiteFideId "13311980"]
[BlackFideId "14162180"]
[WhiteElo "2142"]
[BlackElo "2119"]
[Result "1-0"]
[Round "07"]
[TimeControl "180+2"]
[Date "2023.01.31"]
[WhiteClock "0:01:52"]
[BlackClock "0:01:20"]

1. e4 c5 2. Nc3 Nc6 3. Bc4 g6 4. h4 h5 5. d3 Bg7 6. a3 e6 7. Nf3 Nge7 8. Bg5 a6 9. Ba2 b5 10. Qe2 Nd4 11. Nxd4 cxd4 12. Nb1 d6 13. Nd2 O-O 14. g4 hxg4 15. Qxg4 e5 16. Qf3 d5 17. Bxd5 Ra7 18. h5 Qd6 19. h6 Nxd5 20. hxg7 Kxg7 21. Bh6+ Kg8 22. Bxf8 Qxf8 23. exd5 Rd7 24. Qf6 Qg7 25. Ne4 Rxd5 26. Qc6 Be6 27. Qa8+ Qf8 28. Rh8+ 1-0


[Site "https://www.chess.com"]

[Event "Titled Tuesday Blitz January 31 Late 2023"]
[White "Hajiyev, Kanan"]
[Black "Goroshkov, Maksym"]
[WhiteFideId "13404148"]
[BlackFideId "14142716"]
[WhiteElo "2197"]
[BlackElo "2287"]
[Result "1-0"]
[Round "07"]
[TimeControl "180+2"]
[Date "2023.01.31"]
[WhiteClock "0:00:10"]
[BlackClock "0:00:40"]

1. d4 Nf6 2. Nf3 d6 3. c4 g6 4. g3 Bg7 5. Bg2 O-O 6. O-O c5 7. b3 cxd4 8. Nxd4 e5 9. Nb5 Ne8 10. Ba3 e4 11. N1c3 a6 12. Nd4 Nc6 13. Nxc6 bxc6 14. Rc1 f5 15. f3 Qa5 16. Bb2 d5 17. cxd5 cxd5 18. b4 Qxb4 19. Qxd5+ Be6 20. Qxe6+ Kh8 21. Qb3 Qd4+ 22. Kh1 Nd6 23. Rfd1 Qe3 24. Rxd6 Rac8 25. Rdd1 Rb8 26. Qc2 Rfc8 27. Ba1 h5 28. Nd5 Rxc2 29. Bxg7+ Kxg7 30. Nxe3 Rxe2 31. Re1 Rbb2 32. fxe4 fxe4 33. Rxe2 Rxe2 34. Rc3 Rxa2 35. Bxe4 Re2 36. h4 a5 37. Kg1 a4 38. Kf1 Rb2 39. Nd5 Kf7 40. Nf4 Kf6 41. Bxg6 Ke5 42. Bxh5 Kd4 43. Ra3 Rb4 44. Bd1 Ke5 45. Rxa4 Rb1 46. Ke2 Kf5 47. Bc2+ Kg4 48. Bxb1 Kxg3 49. h5 Kh2 50. Ng6 Kh1 51. Rg4 Kh2 52. Kf2 Kh3 53. Rf4 Kh2 54. Rh4# 1-0


[Site "https://www.chess.com"]

[Event "Titled Tuesday Blitz January 31 Late 2023"]
[White "Vovk, Orest"]
[Black "Denishev, Marat"]
[WhiteFideId "14113490"]
[BlackFideId "24131563"]
[WhiteElo "2315"]
[BlackElo "2255"]
[Result "1-0"]
[Round "07"]
[TimeControl "180+2"]
[Date "2023.01.31"]
[WhiteClock "0:00:16"]
[BlackClock "0:01:25"]

1. h4 h5 2. Nf3 Nf6 3. Nc3 Nc6 4. Ng5 d5 5. e4 dxe4 6. Bc4 Ne5 7. Qe2 Qd4 8. Nb5 Qxc4 9. Qxc4 Nxc4 10. Nxc7+ Kd7 11. Nxa8 b6 12. Nxf7 Rg8 13. d3 exd3 14. cxd3 Nd6 15. Ne5+ Ke6 16. d4 Nd5 17. O-O Bb7 18. Nxb6 Nxb6 19. Re1 Kd5 20. Bg5 g6 21. Rac1 Bg7 22. Rc5+ Kxd4 23. Be3+ Ke4 24. Nf3 e5 25. Bh6+ Kf5 26. Bxg7 Rxg7 27. Rcxe5+ Kf6 28. Re6+ Kf7 29. Ng5+ Kg8 30. Rxd6 Rc7 31. Rxg6+ Kh8 32. Re8# 1-0


[Site "https://www.chess.com"]

[Event "Titled Tuesday Blitz January 31 Late 2023"]
[White "Aldokhin, Ivan"]
[Black "Danielyan, Vahe"]
[WhiteFideId "24115720"]
[BlackFideId "13304828"]
[WhiteElo "2413"]
[BlackElo "2346"]
[Result "1-0"]
[Round "07"]
[TimeControl "180+2"]
[Date "2023.01.31"]
[WhiteClock "0:00:05"]
[BlackClock "0:00:01"]

1. e4 c6 2. Nf3 d5 3. Nc3 Bg4 4. h3 Bxf3 5. Qxf3 e6 6. d3 Nd7 7. Bd2 Bc5 8. g4 Ne7 9. Bg2 O-O 10. Qg3 a5 11. f4 a4 12. Ne2 a3 13. b3 Qb6 14. O-O-O Bf2 15. Qf3 f5 16. exf5 exf5 17. d4 Bxd4 18. Nxd4 Qxd4 19. Bc3 fxg4 20. hxg4 Qxf4+ 21. Qxf4 Rxf4 22. g5 Nf5 23. Bh3 Re8 24. Rhf1 Rxf1 25. Rxf1 g6 26. Bxf5 gxf5 27. Rxf5 Re3 28. Bb4 Re5 29. Rf1 Rxg5 30. Bxa3 h5 31. Re1 Re5 32. Rg1+ Kf7 33. Bb2 Rf5 34. Rg7+ Ke6 35. Rh7 b5 36. a4 bxa4 37. bxa4 Nc5 38. a5 Rf1+ 39. Kd2 Rf2+ 40. Kd1 Rh2 41. Rh6+ Kd7 42. Be5 Rh1+ 43. Ke2 h4 44. Rd6+ Ke7 45. Rxc6 Ne6 46. a6 h3 47. a7 h2 48. a8=Q Re1+ 49. Kxe1 h1=Q+ 50. Kd2 Qg2+ 51. Kc1 Qf1+ 52. Kb2 Qb5+ 53. Ka2 1-0


[Site "https://www.chess.com"]

[Event "Titled Tuesday Blitz January 31 Late 2023"]
[White "Kovacs, Klara"]
[Black "Korchmar, Vasiliy"]
[WhiteFideId "733210"]
[BlackFideId "24131750"]
[WhiteElo "2121"]
[BlackElo "2438"]
[Result "1-0"]
[Round "07"]
[TimeControl "180+2"]
[Date "2023.01.31"]
[WhiteClock "0:01:40"]
[BlackClock "0:00:01"]

1. d4 d5 2. g3 Bg4 3. Bg2 e6 4. h3 Bh5 5. Nf3 Nd7 6. O-O Ngf6 7. c4 c6 8. Nc3 dxc4 9. e4 Be7 10. a4 a5 11. Qe2 Nb6 12. g4 Bg6 13. Bg5 Nxe4 14. Nxe4 Bxe4 15. Bxe7 Bxf3 16. Bxd8 Bxe2 17. Bxb6 Bxf1 18. Bxf1 Ra6 19. Bc5 b5 20. axb5 cxb5 21. b3 h5 22. g5 f6 23. gxf6 gxf6 24. bxc4 Rg8+ 25. Kh2 bxc4 26. Bxc4 Ra8 27. Bxe6 Rg7 28. Bd5 Ra6 29. Bc4 Ra8 30. Bb5+ Kf7 31. d5 Rg5 32. Bc6 Ra6 33. Be3 Re5 34. Kg3 a4 35. Bb5 Ra5 36. Bc4 Re4 37. Ba2 Ke7 38. Bf4 h4+ 39. Kf3 Rb4 40. Bd2 Rab5 41. Bxb4+ Rxb4 42. Re1+ Kd7 43. Re6 Rb2 44. Re2 Rb4 45. Rc2 a3 46. Ke3 Kd6 47. f4 1-0


[Site "https://www.chess.com"]

[Event "Titled Tuesday Blitz January 31 Late 2023"]
[White "Martinez Reyes, Pedro Ramon"]
[Black "Shubenkova, Veronika"]
[WhiteFideId "3901807"]
[BlackFideId "44124040"]
[WhiteElo "2376"]
[BlackElo "1960"]
[Result "1-0"]
[Round "07"]
[TimeControl "180+2"]
[Date "2023.01.31"]
[WhiteClock "0:01:20"]
[BlackClock "0:00:03"]

1. e4 c6 2. d3 d5 3. Nf3 g6 4. Nc3 Bg7 5. d4 dxe4 6. Nxe4 Nf6 7. Nxf6+ exf6 8. Qe2+ Be6 9. g3 O-O 10. Bg2 Re8 11. O-O Nd7 12. Qd1 Nb6 13. b3 Bg4 14. Bb2 f5 15. Qd3 Nd5 16. a3 f4 17. c4 Nc7 18. Rfe1 Rxe1+ 19. Rxe1 fxg3 20. hxg3 Ne6 21. Ne5 Bf5 22. Qe3 Nf8 23. d5 cxd5 24. Bxd5 Be6 25. Bxe6 fxe6 26. Qf3 Qc7 27. Qe4 Rd8 28. Bc3 a5 29. Re3 b6 30. Kg2 Rd1 31. b4 Rc1 32. c5 axb4 33. cxb6 Qxb6 34. Bxb4 Qa6 35. Nd3 Rc6 36. Nc5 Qb5 37. Nd3 Qh5 38. Nf4 Qf5 39. Qxc6 Bd4 40. Rxe6 Nxe6 41. Qxe6+ Qxe6 42. Nxe6 Ba7 43. Bc5 Bb8 44. Nd4 Kf7 45. Nc6 Bc7 46. a4 Ke6 47. Be3 Kd5 48. Nd4 Kc4 49. Ne6 Ba5 50. Nf8 h5 51. Nxg6 Kb3 52. Nf4 Kxa4 53. Nxh5 Kb5 54. f4 Kc6 55. Kf3 Kd7 56. g4 Ke8 57. g5 Kf7 58. f5 Bc3 59. g6+ Kg8 60. Bg5 Be5 61. Bf6 Bd6 62. Kg4 Bf8 63. Bd4 Bh6 64. f6 Bc1 65. Kf5 Ba3 66. Ke6 Be7 67. f7+ Kf8 68. Bg7# 1-0


[Site "https://www.chess.com"]

[Event "Titled Tuesday Blitz January 31 Late 2023"]
[White "Estrada Nieto, Julian"]
[Black "Martynov, Pavel"]
[WhiteFideId "5101018"]
[BlackFideId "4101260"]
[WhiteElo "2215"]
[BlackElo "2414"]
[Result "0-1"]
[Round "07"]
[TimeControl "180+2"]
[Date "2023.01.31"]
[WhiteClock "0:00:13"]
[BlackClock "0:00:06"]

1. e4 c5 2. Nf3 e6 3. c3 d5 4. exd5 Qxd5 5. d4 Nf6 6. Na3 Nc6 7. Nb5 Qd7 8. Ne5 Nxe5 9. dxe5 Nd5 10. Bc4 Nb6 11. Be2 a6 12. Qxd7+ Kxd7 13. Na3 Kc7 14. Be3 Bd7 15. O-O-O Nd5 16. Bd2 b5 17. c4 Nb4 18. cxb5 axb5 19. Bxb5 Bxb5 20. Nxb5+ Kc6 21. Bxb4 Kxb5 22. Ba3 c4 23. Bxf8 Rhxf8 24. Kb1 Rfd8 25. f4 Kb4 26. Kc2 Rd5 27. a3+ Kc5 28. Rd2 Rad8 29. Rhd1 h6 30. h4 h5 31. Kc3 Rb8 32. b4+ cxb3 33. Rb1 Rxd2 34. Kxd2 Kc4 35. Rc1+ Kd4 36. Rb1 Kc4 37. a4 Kb4 38. a5 Kxa5 39. Kc3 Ka4 40. Ra1+ Kb5 41. Kxb3 Rb7 42. Kc3 Kc5 43. Ra5+ Kc6 44. Ra8 g6 45. Rf8 Kd5 46. Kd3 Rb3+ 47. Kc2 Rb7 48. Kd3 Rb3+ 49. Ke2 Rb7 50. Ke3 Rb3+ 51. Kf2 Rb7 52. g3 Ke4 53. Rc8 Rb2+ 54. Kg1 Kf3 55. Rc3+ Kg4 56. Kf1 Ra2 57. Ke1 Rg2 58. Rc7 Rxg3 59. Rxf7 Kxh4 60. Rf6 g5 61. f5 exf5 62. Rxf5 Kg4 63. Kd2 Kxf5 64. Ke2 Kxe5 65. Kf2 h4 66. Kf1 Kf4 67. Kf2 h3 68. Kf1 h2 69. Kf2 h1=Q 70. Ke2 Qh2+ 0-1


[Site "https://www.chess.com"]

[Event "Titled Tuesday Blitz January 31 Late 2023"]
[White "Bayo Milagro, Alvaro"]
[Black "Dzierzak, Radoslaw"]
[WhiteFideId "22275240"]
[BlackFideId "1161407"]
[WhiteElo "2287"]
[BlackElo "2220"]
[Result "1-0"]
[Round "07"]
[TimeControl "180+2"]
[Date "2023.01.31"]
[WhiteClock "0:00:03"]
[BlackClock "0:00:02"]

1. d4 Nf6 2. Nf3 e6 3. c4 Bb4+ 4. Bd2 a5 5. Nc3 b6 6. e3 Bb7 7. Bd3 Bxc3 8. Bxc3 Ne4 9. Rc1 O-O 10. O-O f5 11. Be1 d6 12. Nd2 Nd7 13. f3 Nef6 14. c5 bxc5 15. Qb3 Bd5 16. Bc4 Rb8 17. Qc3 cxd4 18. Qxd4 c5 19. Qc3 Qb6 20. b3 Qb4 21. Qc2 Qb7 22. Bxd5 Nxd5 23. Nc4 Ne5 24. Nxd6 Qb6 25. Qxc5 Nd3 26. Qxb6 Rxb6 27. Rd1 Nxe1 28. Nc4 Nc2 29. Nxb6 Nxb6 30. Rd6 Nd5 31. e4 fxe4 32. fxe4 Rxf1+ 33. Kxf1 Nde3+ 34. Kf2 Ng4+ 35. Kg3 Nf6 36. Rxe6 Kf7 37. Re5 Nb4 38. Rxa5 Nxe4+ 39. Kf4 Nc3 40. a3 Nc6 41. Rc5 Nd4 42. Kg4 Ne4 43. Rc7+ Kf6 44. b4 g5 45. h4 gxh4 46. Kxh4 Kf5 47. Kh3 h5 48. a4 Kf4 49. b5 Nf5 50. Kh2 h4 51. b6 Nh6 52. b7 Ng4+ 53. Kg1 Kg3 54. b8=Q h3 55. gxh3 Kxh3 56. Rh7+ 1-0


[Site "https://www.chess.com"]

[Event "Titled Tuesday Blitz January 31 Late 2023"]
[White "Moral Garcia, Serafin"]
[Black "Battlecruiser_Operational"]
[WhiteFideId "2201925"]
[WhiteElo "2238"]
[BlackElo "2419"]
[Result "1-0"]
[Round "07"]
[TimeControl "180+2"]
[Date "2023.01.31"]
[WhiteClock "0:00:11"]
[BlackClock "0:00:02"]

1. Nf3 Nf6 2. b3 c5 3. Bb2 Nc6 4. e3 a6 5. c4 e6 6. Be2 Be7 7. O-O O-O 8. Nc3 d5 9. cxd5 exd5 10. d4 Bg4 11. dxc5 Bxc5 12. Rc1 Bd6 13. Na4 Re8 14. h3 Be6 15. Nd4 Ne5 16. Nc5 Qe7 17. Nd3 Ng6 18. Nf3 Ne4 19. Bd4 Rad8 20. Re1 Bd7 21. Bf1 h5 22. Re2 Bf5 23. Qe1 Ng3 24. fxg3 Bxd3 25. Rd2 Bxf1 26. Kxf1 Ne5 27. Kg1 Nc6 28. Qf2 f6 29. Rcd1 Qe4 30. Bb6 Rd7 31. Rxd5 Bxg3 32. Qd2 Rxd5 33. Qxd5+ Qxd5 34. Rxd5 Kf7 35. Kf1 h4 36. Ke2 Nb4 37. Rd2 Re6 38. Bc5 Nc6 39. Rd7+ Kg6 40. Rxb7 a5 41. Bf8 Kf5 42. Rxg7 Bf4 43. Bc5 Bg3 44. Rg4 Re8 45. Nxh4+ Bxh4 46. Rxh4 Ne5 47. Ra4 Rc8 48. Bd4 Nc6 49. Bc3 Ke6 50. Bxa5 Ra8 51. Bc3 Rg8 52. Kf2 f5 53. Ra6 Kd5 54. Rb6 Kc5 55. Rb7 Rd8 56. Rf7 Rd3 57. Be1 Rd5 58. h4 Ne5 59. Rc7+ Kd6 60. Rc3 Ng4+ 61. Kf3 Rd1 62. Bg3+ Ke6 63. h5 Rf1+ 64. Ke2 Rg1 65. Rc6+ Kd7 66. Rg6 Rxg2+ 67. Kf3 Rxa2 68. Rg5 Ra3 69. Rxf5 Nh6 70. Rf6 Ng8 71. Rg6 Ne7 72. Rg7 Ke6 73. h6 Rxb3 74. h7 Nf5 75. Rg8 Rxe3+ 76. Kf2 Rc3 77. h8=Q 1-0


[Site "https://www.chess.com"]

[Event "Titled Tuesday Blitz January 31 Late 2023"]
[White "Kraus, Tomas"]
[Black "Slade, Theodore"]
[WhiteFideId "331708"]
[BlackFideId "426547"]
[WhiteElo "2473"]
[BlackElo "1995"]
[Result "1-0"]
[Round "07"]
[TimeControl "180+2"]
[Date "2023.01.31"]
[WhiteClock "0:00:50"]
[BlackClock "0:00:06"]

1. e4 e5 2. Nf3 Nc6 3. Bb5 Nf6 4. d3 Bc5 5. O-O Nd4 6. Nxd4 Bxd4 7. Kh1 c6 8. Ba4 O-O 9. c3 Bb6 10. Bg5 h6 11. Bh4 d5 12. exd5 cxd5 13. d4 e4 14. f3 e3 15. Re1 Qe7 16. Bxf6 gxf6 17. Qd3 Bc7 18. Qxe3 Qd6 19. Qxh6 Bf5 20. Nd2 Bg6 21. Nf1 a6 22. Ne3 Rad8 23. Bc2 Bxc2 24. Nxc2 f5 25. Qh3 f4 26. Re5 Qg6 27. Rh5 Rfe8 28. Nb4 Re2 29. Nxd5 Rde8 30. Rg1 Bd6 31. Qh4 Kg7 32. Rg5 Rh8 33. Rxg6+ fxg6 34. Qf6+ Kh7 35. Qxd6 1-0


[Site "https://www.chess.com"]

[Event "Titled Tuesday Blitz January 31 Late 2023"]
[White "Ibadov, Dashgyn"]
[Black "Kujawski, Adam"]
[WhiteFideId "24107514"]
[BlackFideId "1100920"]
[WhiteElo "2391"]
[BlackElo "2173"]
[Result "1-0"]
[Round "07"]
[TimeControl "180+2"]
[Date "2023.01.31"]
[WhiteClock "0:00:08"]
[BlackClock "0:00:07"]

1. e4 e5 2. Nf3 Nc6 3. Bb5 a6 4. Ba4 Nf6 5. d3 d6 6. c3 g6 7. O-O Bg7 8. Re1 O-O 9. h3 Nd7 10. d4 Nb6 11. Bxc6 bxc6 12. dxe5 dxe5 13. Bg5 Qxd1 14. Rxd1 f6 15. Be3 Nc4 16. Bc1 Be6 17. b3 Nd6 18. Nbd2 a5 19. Ba3 a4 20. Bc5 f5 21. Ng5 Rfe8 22. Nxe6 Rxe6 23. f3 Bh6 24. Nc4 Nxc4 25. bxc4 fxe4 26. fxe4 Ra5 27. Rd8+ Kf7 28. Rf1+ Bf4 29. Bb4 Ra7 30. g3 g5 31. Rf8+ Kg7 32. gxf4 gxf4 33. Kf2 Rg6 34. Rf5 c5 35. Bxc5 Rb7 36. Bb4 c5 37. a3 cxb4 38. cxb4 Rg3 39. Rg1 Rxg1 40. Kxg1 Re7 41. Kf2 Kg6 42. c5 Rd7 43. c6 Rd2+ 44. Kf3 Rc2 45. b5 Rc3+ 46. Ke2 f3+ 47. Rxf3 h6 48. Rxc3 1-0


[Site "https://www.chess.com"]

[Event "Titled Tuesday Blitz January 31 Late 2023"]
[White "Graif, William"]
[Black "Ismagilov, Damir"]
[WhiteFideId "2609835"]
[BlackFideId "34199982"]
[WhiteElo "2304"]
[BlackElo "2156"]
[Result "0-1"]
[Round "07"]
[TimeControl "180+2"]
[Date "2023.01.31"]
[WhiteClock "0:00:02"]
[BlackClock "0:00:50"]

1. e4 c6 2. d4 d5 3. Nc3 dxe4 4. Bc4 g6 5. f3 Bg7 6. Be3 Nf6 7. Nxe4 O-O 8. Qd2 Nbd7 9. O-O-O Nb6 10. Bd3 Be6 11. Kb1 Nc4 12. Bxc4 Bxc4 13. Bh6 Bd5 14. Nxf6+ exf6 15. h4 f5 16. h5 Qf6 17. Bxg7 Qxg7 18. Nh3 Rae8 19. Rh2 Bc4 20. g3 Bd5 21. Rf1 Rd8 22. Nf4 Bc4 23. Rd1 Rfe8 24. hxg6 fxg6 25. b3 Bd5 26. Nxd5 Rxd5 27. Re2 Rdd8 28. Rxe8+ Rxe8 29. c3 Qe7 30. Kc2 Kg7 31. Qd3 Qe2+ 32. Qxe2 Rxe2+ 33. Rd2 Rxd2+ 34. Kxd2 g5 35. Ke3 h5 36. f4 Kf6 37. c4 g4 38. b4 Ke6 39. a4 a6 40. a5 Kd6 41. Kd3 Kc7 0-1


[Site "https://www.chess.com"]

[Event "Titled Tuesday Blitz January 31 Late 2023"]
[White "Veiga, Jose Francisco R P Neves"]
[Black "Garrido, Denis"]
[WhiteFideId "1930087"]
[BlackFideId "601217"]
[WhiteElo "2406"]
[BlackElo "2205"]
[Result "1-0"]
[Round "07"]
[TimeControl "180+2"]
[Date "2023.01.31"]
[WhiteClock "0:02:03"]
[BlackClock "0:01:31"]

1. e4 e5 2. Nf3 Nc6 3. Bb5 a6 4. Ba4 Nf6 5. O-O b5 6. Bb3 Bc5 7. c3 d6 8. a4 Rb8 9. d4 Bb6 10. a5 Ba7 11. Be3 Bg4 12. Nbd2 exd4 13. cxd4 Nxd4 14. e5 Nxf3+ 15. gxf3 Bxe3 16. fxe3 Bh3 17. exf6 Qxf6 18. Rf2 O-O 19. Ne4 Qe5 20. Qd5 Qxd5 21. Bxd5 Rfe8 1-0


[Site "https://www.chess.com"]

[Event "Titled Tuesday Blitz January 31 Late 2023"]
[White "Kostiukov, Alexandr"]
[Black "ArchibaldCerveza29"]
[WhiteFideId "14108100"]
[WhiteElo "2271"]
[BlackElo "2532"]
[Result "0-1"]
[Round "07"]
[TimeControl "180+2"]
[Date "2023.01.31"]
[WhiteClock "0:00:01"]
[BlackClock "0:00:25"]

1. g3 d5 2. Bg2 Nf6 3. d3 e5 4. e4 c6 5. Qe2 Bd6 6. Nf3 O-O 7. O-O h6 8. c4 Re8 9. cxd5 cxd5 10. exd5 Nxd5 11. Nc3 Be6 12. Ne4 Bf8 13. Nxe5 f5 14. Nc3 Nc6 15. Nxc6 bxc6 16. Nxd5 Bxd5 17. Qc2 Bxg2 18. Kxg2 Qd5+ 19. Kg1 Rad8 20. Be3 a6 21. Rac1 Re6 22. Qc4 a5 23. b3 Kf7 24. Rfd1 Red6 25. d4 Kg6 26. Qxd5 cxd5 27. Rc5 Ra6 28. Rc2 Bb4 29. Rdc1 Rdd6 30. Bf4 Re6 31. Be5 Kh5 32. Bxg7 Kg4 33. Kg2 f4 34. h3+ Kf5 35. g4+ Ke4 36. Be5 a4 37. Rd1 f3+ 38. Kg3 axb3 39. axb3 Ra3 40. Rb2 Bc3 41. Rbb1 Rb6 42. h4 Ra2 43. Rbc1 Rxb3 0-1


[Site "https://www.chess.com"]